 Dungeon Crawl Stone Soup version 0.29-a0-1027-gcd8c55af63 (webtiles) character file.

Game seed: 12618957599704270686

1648117 QuickerDeath the Minotaur Barricade (level 24, 178/267 HPs)
             Began as a Minotaur Gladiator on Aug 12, 2022.
             Was the Champion of Okawaru.
             Escaped with the Orb
             ... and 3 runes!
             The game lasted 02:53:08 (65826 turns).

QuickerDeath the Minotaur Barricade (MiGl)         Turns: 65826, Time: 02:53:08

Health: 178/267    AC: 36    Str: 27    XL:     24   Next: 50%
Magic:  31/31      EV: 17    Int:  5    God:    Okawaru [******]
Gold:   2816       SH: 36    Dex: 21    Spells: 23/23 levels left

rFire   + + .      SeeInvis .   H - +9 double sword (vorpal)
rCold   + + .      Faith    .   r - +9 tower shield of Space {Rampage Drain rPois Stlth+}
rNeg    . . .      Spirit   .   b - +9 scales of the Dragon King {rPois rF+ rC+ Will+}
rPois   +          Reflect  .   (helmet unavailable)
rElec   +          Harm     .   n - scarf {shadows}
rCorr   +          Rampage  +   x - +2 pair of gloves of Etsuprei {rC+}
Will    ++++.      Rage     3%  M - +2 pair of boots {rampage}
Stlth   ..........              g - amulet of regeneration
HPRegen 1.34/turn               T - ring of the Grinning Jester {rElec Will+ rCorr Stlth+}
MPRegen 0.22/turn               s - ring of Tydiom {Drain Fly rF+ Str+8 Dex+3}

@: finesse-ful, flying, studying 2 skills
A: horns 3, retaliatory headbutt, iridescent scales 1, berserk 1, clumsy 1,
deformed body, strong-willed 1, robust 1, weak 2, MP-powered wands
0: Orb of Zot
}: 3/15 runes: serpentine, barnacled, silver
a: Renounce Religion, Heroism, Finesse, Duel


You escaped.
You worshipped Okawaru.
Okawaru was exalted by your worship.
You visited 10 branches of the dungeon, and saw 48 of its levels.
You visited the Abyss 1 time.
You also visited: Trove, Bailey, Ice Cave and Wizlab.

You collected 8516 gold pieces.
You spent 5700 gold pieces at shops.

Inventory:

Hand Weapons
 H - a +9 vorpal double sword (weapon)
 U - a +8 demon blade of protection
Missiles
 d - 62 atropa-tipped darts
 e - 31 javelins
 j - 22 curare-tipped darts
 E - 14 silver boomerangs (quivered)
 W - 27 silver javelins
Armour
 b - the +9 scales of the Dragon King (worn) {rPois rF+ rC+ Will+}
   (You took it off Parghit on level 3 of the Depths)

   rF:        It protects you from fire.
   rC:        It protects you from cold.
   rPois:     It protects you from poison.
   Will:      It increases your willpower.
 n - a scarf of shadows (worn)
 r - the +9 tower shield of Space (worn) {Rampage Drain rPois Stlth+}
   (You acquired it on level 5 of the Vaults)

   rPois:     It protects you from poison.
   Drain:     It drains your maximum health when unequipped.
   Rampage:   It bestows one free step when moving towards enemies.
   Stlth:     It makes you more stealthy.
 x - the +2 pair of gloves of Etsuprei (worn) {rC+}
   (Okawaru gifted it to you on level 1 of the Snake Pit)

   rC:        It protects you from cold.
 M - a +2 pair of boots of rampaging (worn)
Jewellery
 g - an amulet of regeneration (around neck)
 s - the ring of Tydiom (right hand) {Drain Fly rF+ Str+8 Dex+3}
   (You bought it in a shop on level 1 of the Elven Halls)

   [ring of protection from fire]

   Str:       It affects your strength (+8).
   Dex:       It affects your dexterity (+3).
   rF:        It protects you from fire.
   Fly:       It grants you flight.
   Drain:     It drains your maximum health when unequipped.
 u - the ring of Izistaci {Fire rN++ Will- Str+4 Int+3}
   (You took it off a deep elf sorcerer on level 3 of the Elven Halls)

   [ring of fire]

   It enhances your fire magic.
   Str:       It affects your strength (+4).
   Int:       It affects your intelligence (+3).
   rF:        It protects you from fire.
   rC:        It makes you vulnerable to cold.
   rN:        It greatly protects you from negative energy.
   Will:      It decreases your willpower.
 T - the ring of the Grinning Jester (left hand) {rElec Will+ rCorr Stlth+}
   (You acquired it on level 3 of the Depths)

   [ring of willpower]

   rElec:     It insulates you from electricity.
   rCorr:     It protects you from acid and corrosion.
   Will:      It increases your willpower.
   Stlth:     It makes you more stealthy.
Wands
 m - a wand of iceblast (48)
 q - a wand of quicksilver (26)
 w - a wand of mindburst (8)
 J - a wand of polymorph (24)
 X - a wand of paralysis (36)
 Z - a wand of flame (50)
Scrolls
 f - 7 scrolls of teleportation
 p - 8 scrolls of vulnerability
 y - 6 scrolls of fear
 A - 13 scrolls of immolation
 F - 8 scrolls of fog
 I - 3 scrolls of blinking
 Y - 3 scrolls of silence
Potions
 h - a potion of berserk rage
 k - 7 potions of might
 t - 7 potions of flight
 v - a potion of resistance
 z - 10 potions of lignification
 C - 7 potions of invisibility
 D - 2 potions of curing
 K - 4 potions of ambrosia
 N - 2 potions of attraction
 Q - 2 potions of cancellation
Miscellaneous
 i - a tin of tremorstones (2/2)
 P - a lightning rod (4/4)
 S - a condenser vane
 V - a phial of floods


   Skills:
 + Level 25.2 Fighting
 - Level 6.1(11.0) Short Blades
 - Level 15.4(16.0) Long Blades
 + Level 19.5 Throwing
 - Level 21.0 Armour
 + Level 19.5 Dodging
 - Level 4.0 Stealth
 O Level 27 Shields
 - Level 12.0 Invocations
 - Level 4.0 Evocations


You had 23 spell levels left.
You didn't know any spells.
Your spell library contained the following spells:

 Spells                   Type           Power      Damage    Failure   Level
 Apportation              Tloc           0%         N/A       99%         1
 Foxfire                  Conj/Fire      0%         2x1d4     99%         1
 Freeze                   Ice            0%         1d3       99%         1
 Magic Dart               Conj           0%         1d3       99%         1
 Necrotise                Necr           0%         1d4       99%         1
 Sting                    Tmut/Pois      0%         1d3       99%         1
 Ensorcelled Hibernation  Hex/Ice        0%         N/A       100%        2
 Passwall                 Tmut/Erth      0%         N/A       100%        2
 Poisonous Vapours        Pois/Air       0%         N/A       100%        2
 Searing Ray              Conj           0%         2d4       100%        2
 Static Discharge         Conj/Air       0%         3-3/arc   100%        2
 Sublimation of Blood     Necr           0%         N/A       100%        2
 Conjure Flame            Conj/Fire      0%         6-21      100%        3
 Dazzling Flash           Conj/Hex       0%         N/A       100%        3
 Frozen Ramparts          Ice            0%         1d1       100%        3
 Gell's Gravitas          Tloc           0%         N/A       100%        3
 Inner Flame              Hex/Fire       0%         N/A       100%        3
 Mephitic Cloud           Conj/Pois/Air  0%         N/A       100%        3
 Ozocubu's Armour         Ice            0%         N/A       100%        3
 Portal Projectile        Hex/Tloc       0%         N/A       100%        3
 Spider Form              Tmut/Pois      0%         N/A       100%        3
 Swiftness                Air            0%         N/A       100%        3
 Teleport Other           Tloc           0%         N/A       100%        3
 Vampiric Draining        Necr           0%         2d6       100%        3
 Airstrike                Air            0%         2d(0-16)  100%        4
 Anguish                  Hex/Necr       0%         N/A       100%        4
 Corpse Rot               Necr/Pois/Air  0%         N/A       100%        4
 Dispel Undead            Necr           0%         3d6       100%        4
 Flame Wave               Conj/Fire      0%         2d4       100%        4
 Fulminant Prism          Conj/Hex       0%         3d6       100%        4
 Hailstorm                Conj/Ice       0%         3d3       100%        4
 Ice Form                 Ice/Tmut       0%         N/A       100%        4
 Leda's Liquefaction      Hex/Erth       0%         N/A       100%        4
 Olgreb's Toxic Radiance  Pois           0%         N/A       100%        4
 Passage of Golubria      Tloc           0%         N/A       100%        4
 Petrify                  Tmut/Erth      0%         N/A       100%        4
 Sticky Flame             Conj/Fire      0%         2d3       100%        4
 Agony                    Necr           0%         N/A       100%        5
 Alistair's Intoxication  Tmut/Pois      0%         N/A       100%        5
 Borgnjor's Vile Clutch   Necr/Erth      0%         N/A       100%        5
 Fireball                 Conj/Fire      0%         3d3       100%        5
 Freezing Cloud           Conj/Ice/Air   0%         6-21      100%        5
 Irradiate                Conj/Tmut      0%         3d11      100%        5
 Lightning Bolt           Conj/Air       0%         1d11      100%        5
 Metabolic Englaciation   Hex/Ice        0%         N/A       100%        5
 Silence                  Hex/Air        0%         N/A       100%        5
 Conjure Ball Lightning   Conj/Air       0%         3x3d6     100%        6
 Dispersal                Tloc           0%         N/A       100%        6
 Eringya's Noxious Bog    Tmut/Pois      0%         N/A       100%        6
 Starburst                Conj/Fire      0%         6d3       100%        6
 Dragon Form              Tmut           0%         N/A       100%        7
 Orb of Destruction       Conj           0%         9d5       100%        7
 Storm Form               Tmut/Air       0%         N/A       100%        7
 Ignition                 Fire           0%         3d3       100%        8
 Lehudib's Crystal Spear  Conj/Erth      0%         10d2      100%        8
 Maxwell's Capacitive Co  Air            0%         ∞         100%        8
 Polar Vortex             Ice            0%         N/A       100%        9
 Call Imp                 Summ           Unusable   N/A       N/A         2
 Call Canine Familiar     Summ           Unusable   N/A       N/A         3
 Summon Lightning Spire   Summ/Air       Unusable   N/A       N/A         4
 Summon Mana Viper        Hex/Summ       Unusable   N/A       N/A         5
 Simulacrum               Ice/Necr       Unusable   N/A       N/A         6
 Spellforged Servitor     Conj/Summ      Unusable   N/A       N/A         7

Dungeon Overview and Level Annotations

Branches:
Dungeon (15/15)            Temple (1/1) D:5            Lair (5/5) D:11
 Shoals (4/4) Lair:2        Snake (4/4) Lair:3        Slime (0/5) Lair:4
    Orc (2/2) D:12            Elf (3/3) Orc:2        Vaults (5/5) D:14
  Crypt (0/3) Vaults:3     Depths (4/4) D:15            Zot (5/5) Depths:4
 Bailey (visited)           IceCv (visited)          WizLab (visited)

Altars:
Ashenzari
Cheibriados
Dithmenos
Elyvilon
Fedhas
Gozag
Hepliaklqana
Kikubaaqudgha
Makhleb
Nemelex Xobeh
Okawaru
Qazlal
Ru
Sif Muna
Trog
Uskayaw
Vehumet
Wu Jian
Xom
Yredelemnul
Zin
The Shining One
Jiyva

Shops:
D:12 [   Orc:2 [(*!   Elf:1 ?*=   Elf:3 (   Shoals:4 *(?=   Snake:1 =:=
Vaults:5 :   Zot:1 *   Depths:3 *   Depths:4 =[

Portals:
Hell: Depths:1 Depths:2 Depths:3 Depths:4
Abyss: Depths:1 Depths:3
Pandemonium: Depths:2
Ziggurat: Depths:4

Annotations:
Shoals:4 1 exclusion
Snake:4 3 runed translucent doors, jt's ghost, adept MeCA
Elf:1 6 runed translucent doors
Elf:2 3 runed translucent doors, 1 exclusion
Vaults:5 2 exclusions
Depths:1 1 exclusion
Depths:2 3 runed translucent doors, exclusion: 3 doors
Depths:4 2 transporters, Pauneu's ghost, adept DECj
Zot:1 1 exclusion
Zot:4 exclusion: door
Zot:5 2 exclusions


Innate Abilities, Weirdness & Mutations

You have a pair of large horns on your head.
You reflexively headbutt those who attack you in melee.
You are partially covered in iridescent scales. (AC +2)
You sometimes lose your temper in combat.
You are clumsy. (Dex -2)
Armour fits poorly on your strangely shaped body.
You are strong-willed. (Will+)
You are robust. (+10% HP)
You are very weak. (Str -4)
You expend magic power (3 MP) to strengthen your wands.


Message History

Your body is wracked with pain!
You block the wraith's attack. x2
You block the phantasmal warrior's attack.
Unknown command.
Blink to where?
Press: ? - help, Dir - move target
As you read the scroll of blinking, it crumbles to dust.
There is a stone staircase leading up here.
You fly upwards.
There is a stone staircase leading down here.
Unknown command.
Unknown command.
Unknown command.
You feel very mighty all of a sudden.
You feel protected.
You fade into invisibility!
You feel better.
You are confused.
You feel invigorated.
Your magical effects are unravelling.
You feel magically purged.
You feel less invigorated.
You feel yourself slow down.
You flicker back into view.
You feel less confused.
You feel a little less mighty now.
Your resistance to elements expires.
Unknown command.
There is a staircase leading out of the dungeon here.
Okay, then.
Unknown command.
As you read the scroll of fog, it crumbles to dust.
The scroll dissolves into smoke.
As you read the scroll of fog, it crumbles to dust.
The scroll dissolves into smoke.
As you read the scroll of fog, it crumbles to dust.
The scroll dissolves into smoke.
As you read the scroll of fog, it crumbles to dust.
The scroll dissolves into smoke.
As you read the scroll of fog, it crumbles to dust.
The scroll dissolves into smoke.
You can't go down here!
Unknown command.
You have escaped!

#.##
#..#
##.##
#.§####
##§§..#
#§§§§#
#§§§§#
#§§§§#
#§§@§#
######


There were no monsters in sight!

Vanquished Creatures
  An ancient lich (Vaults:4)
  An orb of fire (Zot:1)
  A dread lich (Vaults:4)
  A pandemonium lord (D:4)
  Josephina (Arena)
  A shard shrike (Arena)
  6 caustic shrikes
  Parghit (Depths:3)
  Bai Suzhen (Vaults:2)
  Margery (Vaults:4)
  Saint Roka (Elf:3)
  3 bone dragons
  3 golden dragons
  A Brimstone Fiend (WizLab)
  An electric golem (Zot:1)
  4 tentacled monstrosities
  2 liches
  Mlioglotl (Snake:3)
  A Hell Sentinel (Abyss:2)
  A walking frostbound tome (Depths:3)
  2 Orb Guardians
  2 deep elf blademasters (Elf:3)
  Polyphemus (Arena)
  5 titans
  2 deep elf master archers (Elf:3)
  7 sphinxes
  A tentacled starspawn (Abyss:2)
  Frances (Shoals:2)
  A death cob (Zot:4)
  9 storm dragons
  A fenstrider witch (Shoals:3)
  11 shadow dragons
  5 tengu reavers
  2 draconian monks (Zot:3)
  6 fire giants
  9 deep elf sorcerers
  4 nagarajas (Snake:4)
  5 frost giants
  6 draconian knights
  3 draconian scorchers
  Ilsuiw (Shoals:4)
  2 iron dragons
  19 vault wardens
  Aizul (Snake:4)
  3 spectral caustic shrikes (Depths:2)
  4 orc warlords
  A balrug (Depths:2)
  3 deep elf elementalists (Elf:3)
  A ghost moth (Zot:5)
  A juggernaut zombie (Depths:2)
  A caustic shrike zombie (D:15)
  12 ironbound preservers
  4 war gargoyles
  4 cacodemons
  2 spriggan defenders (Depths:2)
  A quicksilver ooze (shapeshifter) (Vaults:1)
  A draconian stormcaller (Depths:4)
  A reaper (Arena)
  8 ironbound thunderhulks
  The ghost of Grimalkyne the Marksspriggan, an adept SpAr of Hepliaklqana (Snake:3)
  16 very ugly things
  20 stone giants
  A juggernaut skeleton (D:15)
  A black draconian (Depths:4)
  6 deep elf demonologists
  2 vampire knights (Depths:4)
  2 green draconians
  5 deep elf annihilators
  3 red draconians
  3 purple draconians
  2 entropy weavers
  A wendigo (Depths:2)
  3 yellow draconians
  2 dire elephants (Vaults:1)
  A spark wasp (Depths:2)
  3 white draconians
  A lorocyproca (Abyss:2)
  8 merfolk impalers
  6 merfolk javelineers
  6 ettins
  A crystal guardian (Vaults:3)
  6 deep elf death magi (Elf:3)
  Snorg (Lair:3)
  A blizzard demon (Abyss:2)
  5 fire dragons
  3 spriggan zombies
  A salamander tyrant (Snake:4)
  6 great orbs of eyes
  36 vault guards
  8 hydras
  A quicksilver dragon skeleton (Depths:2)
  9 deep elf high priests
  5 ice dragons
  4 rakshasas
  13 yaktaur captains
  2 peacekeepers
  4 spriggan air magi
  7 merfolk avatars
  2 boulder beetles (Lair:5)
  A jorogumo (shapeshifter) (Vaults:4)
  5 ogre magi
  3 alligator snapping turtles
  15 centaur warriors
  2 catoblepae
  12 naga warriors
  13 ironbound frosthearts
  A death knight (D:15)
  9 anacondas
  20 dancing weapons
  3 satyrs
  15 two-headed ogres
  3 death yaks (Shoals:2)
  8 merfolk aquamancers
  8 hell hogs (Abyss:2)
  8 deep troll shamans
  2 thrashing horrors (Abyss:2)
  A vampire mage (Depths:3)
  4 orc high priests (Orc:2)
  3 tengu warriors
  A spriggan berserker (Depths:4)
  5 deep troll earth magi
  2 titan zombies
  5 sun demons
  2 titan skeletons (Depths:2)
  23 hell knights
  6 deep elf knights
  13 naga sharpshooters
  Nergalle (D:11)
  2 wretched stars (Abyss:2)
  12 shock serpents
  6 salamander mystics
  3 golden dragon zombies
  7 skeletal warriors
  4 iron trolls
  2 sixfirhies (Depths:2)
  2 storm dragon skeletons (Depths:2)
  15 sea snakes
  A goliath frog (shapeshifter) (Vaults:5)
  36 deep trolls
  A deep troll (shapeshifter) (Vaults:4)
  A kraken simulacrum (Shoals:4)
  8 deep elf archers
  A shadow demon (D:4)
  12 wizards
  An orange crystal statue (IceCv)
  4 glowing orange brains
  A flayed ghost (Depths:2)
  18 ironbound convokers
  11 mana vipers
  A lindwurm (shapeshifter) (Vaults:5)
  12 starcursed masses (Abyss:2)
  5 naga ritualists
  14 orc knights
  3 phantasmal warriors
  8 lindwurms
  A tengu zombie (Depths:2)
  17 deep elf pyromancers
  A golden dragon skeleton (Depths:2)
  4 necromancers
  3 iron dragon zombies (Depths:2)
  A wolf spider (Lair:5)
  A glowing shapeshifter (Depths:3)
  16 harpies
  29 deep elf zephyrmancers
  7 orc sorcerers
  24 fauns
  15 salamanders
  7 large abominations (Abyss:2)
  4 cyclopes
  6 moths of wrath
  A worldbinder (Abyss:2)
  13 manticores
  48 ugly things
  3 sphinx skeletons (Depths:2)
  A tengu skeleton (Depths:2)
  An iron dragon skeleton (Depths:2)
  6 merfolk sirens
  A moth of wrath (shapeshifter) (Vaults:5)
  11 elephants (Lair:3)
  27 black mambas
  2 rust devils (Depths:2)
  A fire giant skeleton (Depths:1)
  4 smoke demons
  2 apocalypse crabs (Abyss:2)
  12 vault sentinels
  11 guardian serpents
  A frost giant skeleton (Depths:1)
  15 naga magi
  An orange demon (Depths:2)
  4 water nymphs
  4 torpor snails (Lair:4)
  45 yaktaurs
  3 gargoyles
  7 cane toads
  A hellion (WizLab)
  19 rime drakes
  8 komodo dragons
  A komodo dragon (shapeshifter) (D:13)
  3 unseen horrors
  6 efreet
  2 tormentors (WizLab)
  3 freezing wraiths
  3 tengu conjurers
  10 trolls
  An ancient zyme (Abyss:2)
  4 hellwings
  An ice devil (Depths:1)
  A merfolk (shapeshifter) (Vaults:5)
  27 polar bears
  4 wind drakes
  34 merfolk
  A hornet (D:9)
  A red devil (Depths:2)
  21 blink frogs
  14 snapping turtles
  Prince Ribbit (D:8)
  41 slime creatures
  Grinder (D:6)
  6 raiju
  10 small abominations
  7 dream sheep
  A centaur simulacrum (Abyss:2)
  An ettin skeleton (D:15)
  A stone giant simulacrum (Depths:2)
  2 wraiths
  Sigmund (D:6)
  A jumping spider (Vaults:4)
  5 air elementals
  2 shadows
  A vampire (D:11)
  14 water elementals
  A yak (shapeshifter) (D:8)
  19 yaks
  A human (shapeshifter) (Vaults:4)
  3 basilisks
  A basilisk (shapeshifter) (Elf:2)
  8 chaos spawn
  4 fire elementals
  4 neqoxecs
  4 wyverns
  2 ynoxinuls (Abyss:2)
  Grum (D:10)
  4 steam dragons (D:8)
  A golden eye (Zot:1)
  A golden eye (shapeshifter) (Depths:2)
  13 vampire mosquitoes
  A redback (Vaults:4)
  11 wargs
  A harpy simulacrum (Abyss:2)
  43 nagas
  2 acid dragons
  A glowing shapeshifter skeleton (Depths:2)
  17 hell hounds
  10 water moccasins
  2 floating eyes
  16 black bears
  An ice beast (D:7)
  5 sky beasts (D:6)
  A black bear (shapeshifter) (Elf:1)
  63 orc warriors
  5 boggarts
  16 ogres
  27 wolves
  A phantom (D:6)
  13 centaurs
  2 kobold brigands
  5 necrophages
  6 bullfrogs
  A gnoll sergeant (D:8)
  3 scorpions
  2 glowing shapeshifter simulacra (Depths:2)
  4 earth elementals (Elf:1)
  8 wights
  7 killer bees
  3 electric eels (Snake:2)
  7 howler monkeys
  4 jellies
  28 orc priests
  3 hounds
  10 iguanas
  21 orc wizards
  A mummy (D:5)
  3 adders
  4 gnolls
  2 shadow imps
  2 white imps
  4 ufetubi
  A worm (D:3)
  2 dart slugs (D:2)
  140 orcs
  6 endoplasms
  A giant cockroach (D:3)
  10 goblins
  4 hobgoblins
  9 jackals
  10 kobolds
  6 quokkas
  5 ball pythons
  3 frilled lizards (D:2)
  A hobgoblin zombie (D:5)
  3 kobold zombies (D:5)
  7 rats
  A fire vortex (Depths:1)
  A lurking horror (Abyss:2)
  2 starspawn tentacles (Abyss:2)
2044 creatures vanquished.

Vanquished Creatures (others)
  A red draconian (Depths:4)
  A caustic shrike simulacrum (Depths:3)
  An ugly thing (Depths:1)
  2 spark wasp simulacra
  2 orc warriors
  A jelly (Abyss:2)
  2 orc priests
  An orc wizard (Orc:1)
  A white imp (Abyss:2)
  An ufetubus (Abyss:2)
  4 orcs
  43 fungi
  135 plants
  2 starspawn tentacles (Abyss:2)
  4 tentacles (Shoals:4)
  14 withered plants
215 creatures vanquished.

Grand Total: 2259 creatures vanquished

Notes
Turn   | Place    | Note
-------+----------+-------------------------------------------
     0 | D:1      | QuickerDeath the Minotaur Gladiator began the quest for the
                  | Orb.
     0 | D:1      | Reached XP level 1. HP: 18/18 MP: 0/0
   237 | D:1      | Reached XP level 2. HP: 15/25 MP: 1/1
   385 | D:1      | Reached skill level 1 in Stealth
  1079 | D:2      | Found a faded altar of an unknown god.
  1167 | D:2      | Reached XP level 3. HP: 31/31 MP: 2/2
  2104 | D:3      | Reached XP level 4. HP: 39/39 MP: 3/3
  2559 | D:3      | Noticed a scorpion
  2565 | D:3      | Killed a scorpion
  2566 | D:3      | Reached XP level 5. HP: 43/47 MP: 4/4
  3626 | D:4      | Reached skill level 1 in Armour
  3752 | D:4      | Reached skill level 5 in Short Blades
  3843 | D:4      | Reached skill level 1 in Evocations
  3843 | D:4      | Reached XP level 6. HP: 55/55 MP: 5/5
  3964 | D:5      | Entered Level 5 of the Dungeon
  3964 | D:5      | Noticed a water moccasin
  3978 | D:4      | Killed a water moccasin
  3979 | D:4      | Reached skill level 5 in Fighting
  4232 | D:4      | Reached XP level 7. HP: 61/61 MP: 6/6
  5121 | D:5      | Found a staircase to the Ecumenical Temple.
  5125 | D:5      | Identified a scroll of acquirement
  5156 | Temple   | Entered the Ecumenical Temple
  5644 | D:6      | Reached XP level 8. HP: 71/71 MP: 7/7
  5780 | D:6      | Reached skill level 5 in Dodging
  5930 | D:6      | Found an iron altar of Okawaru.
  5940 | D:6      | Found an opulent altar of Gozag.
  5940 | D:6      | Noticed Grinder
  5946 | D:6      | Paralysed by Grinder for 2 turns
  5953 | D:6      | Paralysed by Grinder for 3 turns
  5958 | D:6      | Killed Grinder
  5967 | D:6      | Became a worshipper of Warmaster Okawaru
  5968 | D:6      | Acquired a manual of Throwing
  6095 | D:6      | Noticed Sigmund
  6325 | D:6      | Killed Sigmund
  6326 | D:6      | Reached skill level 1 in Invocations
  6759 | D:6      | Reached XP level 9. HP: 68/81 MP: 9/9
  6868 | D:7      | Reached * piety under Okawaru
  7169 | D:7      | Reached skill level 1 in Long Blades
  7259 | D:7      | Killed an unseen horror
  7659 | D:8      | Noticed Prince Ribbit
  7668 | D:8      | Killed Prince Ribbit
  7669 | D:8      | Reached skill level 5 in Armour
  7827 | D:8      | Reached ** piety under Okawaru
  8195 | D:8      | Found a blossoming altar of Fedhas.
  8195 | D:8      | Found an ancient bone altar of Kikubaaqudgha.
  8580 | D:8      | Reached XP level 10. HP: 88/91 MP: 12/12
  8581 | D:8      | Noticed a seven-headed hydra
  8630 | D:8      | Killed a seven-headed hydra
  8630 | D:8      | Reached *** piety under Okawaru
  8811 | D:8      | Noticed a centaur warrior
  8815 | D:8      | Reached skill level 10 in Fighting
  8815 | D:8      | Reached skill level 5 in Long Blades
  8815 | D:8      | Reached skill level 5 in Invocations
  8817 | D:8      | Noticed a centaur warrior
  8825 | D:8      | Killed a centaur warrior
  8835 | D:8      | Killed a centaur warrior
  9166 | D:8      | Noticed a two-headed ogre
  9166 | D:8      | Noticed a purple ugly thing
  9226 | D:9      | Reached **** piety under Okawaru
  9226 | D:9      | Received a gift from Okawaru
  9257 | D:9      | Noticed a two-headed ogre
  9271 | D:9      | Killed a two-headed ogre
  9311 | D:9      | Found a flagged portal.
  9326 | Bailey   | Entered a bailey
  9804 | Bailey   | Reached XP level 11. HP: 87/102 MP: 12/14
 10125 | D:9      | Reached ***** piety under Okawaru
 10526 | D:9      | Found a bloodstained altar of Trog.
 10616 | D:9      | Received a gift from Okawaru
 11264 | D:10     | Entered Level 10 of the Dungeon
 11294 | D:10     | Noticed a two-headed ogre
 11315 | D:10     | Killed a two-headed ogre
 11346 | D:10     | Received a gift from Okawaru
 11477 | D:10     | Noticed an ogre mage
 11483 | D:10     | Killed an ogre mage
 11613 | D:10     | Noticed Grum
 11625 | D:10     | Killed Grum
 11676 | D:10     | Noticed a two-headed ogre
 11691 | D:10     | Killed a two-headed ogre
 11691 | D:10     | Received a gift from Okawaru
 12016 | D:10     | Found a shimmering altar of Xom.
 12018 | D:10     | Found a glowing silver altar of Zin.
 12022 | D:10     | Found a burning altar of Makhleb.
 12026 | D:10     | Found a sparkling altar of Nemelex Xobeh.
 12027 | D:10     | Found a broken altar of Ashenzari.
 12027 | D:10     | Found a stormy altar of Qazlal.
 12027 | D:10     | Found a glowing golden altar of the Shining One.
 12029 | D:10     | Found a sacrificial altar of Ru.
 12080 | D:10     | Identified the +1 leather armour of Inaction {*Slow rPois
                  | rCorr Str+7}
 12402 | D:11     | Noticed a two-headed ogre
 12404 | D:11     | Noticed a two-headed ogre
 12463 | D:10     | Killed a two-headed ogre
 12464 | D:10     | Reached skill level 5 in Throwing
 12602 | D:11     | Killed a two-headed ogre
 12602 | D:11     | Received a gift from Okawaru
 12984 | D:11     | Found a staircase to the Lair.
 13043 | D:11     | Received a gift from Okawaru
 13662 | D:8      | Killed a two-headed ogre
 13674 | D:8      | Reached XP level 12. HP: 64/113 MP: 17/17
 13687 | D:8      | Identified the +0 robe "Forget-Me-Not" {Int+2} (Okawaru
                  | gifted it to you on level 8 of the Dungeon)
 13687 | D:8      | Received a gift from Okawaru
 14464 | D:12     | Reached skill level 10 in Long Blades
 14471 | D:12     | Noticed Nergalle
 14509 | D:11     | Killed Nergalle
 14713 | D:12     | Found a staircase to the Orcish Mines.
 14715 | D:12     | Found Moleczut's Armour Shop.
 14801 | D:12     | Reached skill level 10 in Throwing
 15063 | D:12     | Found Uhymm's Antique Armour Boutique.
 15077 | D:12     | Bought a transparent chain mail for 256 gold pieces
 15077 | D:12     | Identified the +1 chain mail of Gucuhise {rElec rPois rN++
                  | Str-4} (You bought it in a shop on level 12 of the Dungeon)
 16199 | D:13     | Noticed a tengu warrior
 16219 | D:13     | Killed a tengu warrior
 16309 | Lair:1   | Entered Level 1 of the Lair of Beasts
 16347 | Lair:1   | Noticed a five-headed hydra
 16361 | Lair:1   | Killed a five-headed hydra
 16668 | Lair:1   | Noticed a five-headed hydra
 16687 | Lair:1   | Killed a five-headed hydra
 17167 | Lair:1   | Reached skill level 1 in Shields
 17392 | Lair:2   | Found a staircase to the Shoals.
 17397 | Lair:2   | Received a gift from Okawaru
 17407 | Lair:2   | Noticed a five-headed hydra
 17413 | Lair:2   | Killed a five-headed hydra
 17414 | Lair:2   | Reached skill level 2 in Shields
 17435 | Lair:2   | Received a gift from Okawaru
 17436 | Lair:2   | Reached XP level 13. HP: 124/124 MP: 18/18
 17606 | Lair:2   | Reached skill level 3 in Shields
 18083 | Lair:3   | Found a staircase to the Snake Pit.
 18085 | Lair:3   | You fall into a shaft and drop 1 floor!
 18199 | Lair:4   | Reached skill level 4 in Shields
 18199 | Lair:4   | Received a gift from Okawaru
 18385 | Lair:4   | Found a snail-covered altar of Cheibriados.
 18489 | Lair:4   | Found a viscous altar of Jiyva.
 18490 | Lair:4   | Found a staircase to the Slime Pits.
 18532 | Lair:4   | Reached skill level 5 in Shields
 18604 | Lair:4   | Identified the +2 short sword of Regicide {flame, *Rage rF+
                  | rC+ Will+} (Okawaru gifted it to you on level 4 of the Lair
                  | of Beasts)
 18604 | Lair:4   | Received a gift from Okawaru
 18829 | Lair:3   | Reached skill level 6 in Shields
 19257 | Lair:3   | Reached skill level 7 in Shields
 19293 | Lair:3   | Noticed Snorg
 19300 | Lair:3   | Killed Snorg
 19461 | Lair:3   | Received a gift from Okawaru
 19462 | Lair:3   | Reached skill level 15 in Fighting
 19468 | Lair:3   | Received a gift from Okawaru
 19640 | Lair:4   | Reached skill level 8 in Shields
 19881 | Lair:4   | Found a blossoming altar of Fedhas.
 20000 | Lair:4   | Identified the +10 rapier of Gallantry {vorpal, *Slow rF+
                  | Str+3}
 20405 | Lair:5   | Entered Level 5 of the Lair of Beasts
 20582 | Lair:4   | Reached XP level 14. HP: 127/135 MP: 19/19
 20812 | Lair:5   | Reached ****** piety under Okawaru
 20943 | Lair:5   | Received a gift from Okawaru
 21217 | Lair:5   | Identified the +1 scale mail of the Distant Future {rPois
                  | rCorr}
 21285 | Lair:5   | Reached skill level 9 in Shields
 21371 | Lair:5   | Received a gift from Okawaru
 21873 | Orc:1    | Entered Level 1 of the Orcish Mines
 22088 | Orc:2    | Entered Level 2 of the Orcish Mines
 23129 | Orc:2    | Received a gift from Okawaru
 23649 | Orc:2    | Found a staircase to the Elven Halls.
 23712 | Orc:2    | Received a gift from Okawaru
 23877 | Orc:2    | Found Roresm Aroq's Antique Armour Boutique.
 23895 | Orc:2    | Reached skill level 10 in Armour
 23964 | Orc:2    | Bought a pair of embroidered boots for 217 gold pieces
 23984 | Orc:2    | Found Dotearyl's Antique Weapon Shop.
 24016 | Orc:2    | Reached skill level 10 in Shields
 24194 | Orc:2    | Noticed an orc warlord
 24224 | Orc:2    | Killed an orc warlord
 24224 | Orc:2    | Received a gift from Okawaru
 24371 | Orc:2    | Received a gift from Okawaru
 24428 | Orc:2    | Found Ivithruuf's Distillery.
 24444 | Orc:2    | Bought a potion of attraction for 48 gold pieces
 24444 | Orc:2    | Bought a potion of curing for 48 gold pieces
 24444 | Orc:2    | Bought a potion of heal wounds for 80 gold pieces
 24444 | Orc:2    | Bought a potion of curing for 48 gold pieces
 24444 | Orc:2    | Bought 2 potions of heal wounds for 160 gold pieces
 24505 | Orc:2    | Found Doaskiq's General Store.
 24520 | Orc:2    | Bought a potion of might for 60 gold pieces
 24520 | Orc:2    | Bought a potion of invisibility for 120 gold pieces
 24520 | Orc:2    | Bought 2 potions of curing for 90 gold pieces
 24731 | D:13     | Reached XP level 15. HP: 144/144 MP: 20/20
 25340 | D:13     | Found a glowing silver altar of Zin.
 26259 | D:14     | Received a gift from Okawaru
 26783 | D:14     | Found the +8 demon blade "Leech" {vamp, Harm Drain rN+}
 26881 | Abyss:2  | Cast into level 2 of the Abyss (a wizard)
 27182 | Abyss:2  | Reached skill level 10 in Dodging
 27295 | Abyss:2  | Noticed a red draconian scorcher
 27309 | Abyss:2  | Killed a red draconian scorcher
 27309 | Abyss:2  | Identified the +11 great sword "Akeon" {venom, Drain rF++}
                  | (Okawaru gifted it to you on level 2 of the Abyss)
 27309 | Abyss:2  | Received a gift from Okawaru
 27622 | Abyss:2  | Noticed an Executioner
 27626 | Abyss:2  | Paralysed by accursed screaming for 1 turns
 27724 | Abyss:2  | Reached skill level 15 in Long Blades
 27788 | Abyss:2  | Noticed a tentacled starspawn
 27798 | Abyss:2  | Killed a tentacled starspawn
 27798 | Abyss:2  | Received a gift from Okawaru
 27908 | Abyss:2  | Gained mutation: You sometimes lose the ability to drink
                  | potions when taking damage. [a neqoxec]
 28114 | Abyss:2  | Reached XP level 16. HP: 149/157 MP: 18/21
 28126 | Abyss:2  | Noticed a Hell Sentinel
 28134 | Abyss:2  | Received a gift from Okawaru
 28138 | Abyss:2  | Killed a Hell Sentinel
 28177 | D:14     | Escaped the Abyss
 28285 | D:14     | Found a gate to the Vaults.
 28395 | D:15     | Entered Level 15 of the Dungeon
 28939 | D:15     | Found a staircase to the Depths.
 29117 | D:15     | Identified the +9 spear of Unreason {elec, Int+2 Dex+5}
 29129 | D:15     | Identified the +1 robe of Amorality {rPois Will+ Stlth-}
 29394 | D:15     | Received a gift from Okawaru
 29646 | Snake:1  | Entered Level 1 of the Snake Pit
 29745 | Snake:1  | Received a gift from Okawaru
 29896 | Snake:1  | Received a gift from Okawaru
 30139 | Snake:1  | Identified the +2 pair of gloves of Etsuprei {rC+} (Okawaru
                  | gifted it to you on level 1 of the Snake Pit)
 30139 | Snake:1  | Received a gift from Okawaru
 30280 | Snake:1  | Found a white marble altar of Elyvilon.
 30613 | Snake:1  | Found Qukaal's Jewellery Shoppe.
 30613 | Snake:1  | Found Ixtoa's Jewellery Shoppe.
 30613 | Snake:1  | Found Kadoyled's Book Shop.
 30619 | Snake:1  | Bought a ring of resist corrosion for 340 gold pieces
 31116 | Snake:2  | Reached skill level 11 in Shields
 31765 | Snake:2  | Reached XP level 17. HP: 152/170 MP: 22/22
 32236 | Snake:3  | Found a runed translucent door.
 32239 | Snake:3  | Noticed Grimalkyne's ghost (adept SpAr)
 32634 | Snake:3  | Received a gift from Okawaru
 32660 | Snake:3  | Noticed Mlioglotl
 32666 | Snake:3  | Killed Mlioglotl
 32987 | Snake:3  | Killed Grimalkyne's ghost
 33029 | Snake:4  | Entered Level 4 of the Snake Pit
 33199 | Snake:4  | Identified the +1 scale mail of Secyrraw {rPois rN+ Slay+3}
                  | (Okawaru gifted it to you on level 4 of the Snake Pit)
 33199 | Snake:4  | Received a gift from Okawaru
 33311 | Snake:4  | Found a runed translucent gate.
 33313 | Snake:4  | Found a runed translucent gate.
 33315 | Snake:4  | Found a runed translucent gate.
 33316 | Snake:4  | Noticed jt's ghost (adept MeCA)
 33679 | Snake:4  | Reached skill level 12 in Shields
 33833 | Snake:4  | Noticed Aizul
 33846 | Snake:4  | Killed Aizul
 34068 | Snake:4  | Reached skill level 10 in Invocations
 34306 | Snake:4  | Lost mutation: You occasionally lose the ability to drink
                  | potions when taking damage. [potion of mutation]
 34306 | Snake:4  | Gained mutation: You are clumsy. (Dex -2) [potion of
                  | mutation]
 34310 | Snake:4  | Lost mutation: You are clumsy. (Dex -2) [potion of
                  | mutation]
 34310 | Snake:4  | Gained mutation: Armour fits poorly on your strangely
                  | shaped body. [potion of mutation]
 34310 | Snake:4  | Gained mutation: You occasionally lose the ability to drink
                  | potions when taking damage. [potion of mutation]
 34310 | Snake:4  | Gained mutation: You are agile. (Dex +4, Str/Int -1)
                  | [potion of mutation]
 34311 | Snake:4  | Lost mutation: Armour fits poorly on your strangely shaped
                  | body. [potion of mutation]
 34311 | Snake:4  | Lost mutation: You are agile. (Dex +4, Str/Int -1) [potion
                  | of mutation]
 34311 | Snake:4  | Gained mutation: Your system is resistant to poisons.
                  | (rPois) [potion of mutation]
 34311 | Snake:4  | Gained mutation: You have a beak for a mouth. [potion of
                  | mutation]
 34311 | Snake:4  | Gained mutation: You are somewhat resistant to further
                  | mutation. [potion of mutation]
 34312 | Snake:4  | Lost mutation: You have a beak for a mouth. [potion of
                  | mutation]
 34312 | Snake:4  | Lost mutation: You are somewhat resistant to further
                  | mutation. [potion of mutation]
 34312 | Snake:4  | Gained mutation: You have sharp toenails. [potion of
                  | mutation]
 34313 | Snake:4  | Lost mutation: You have sharp toenails. [potion of
                  | mutation]
 34313 | Snake:4  | Lost mutation: You occasionally lose the ability to drink
                  | potions when taking damage. [potion of mutation]
 34313 | Snake:4  | Lost mutation: Your system is resistant to poisons. (rPois)
                  | [potion of mutation]
 34313 | Snake:4  | Gained mutation: Your spells are a little harder to cast,
                  | but a little more powerful. [potion of mutation]
 35005 | Snake:4  | Got a serpentine rune of Zot
 35076 | Snake:4  | Received a gift from Okawaru
 35208 | Shoals:1 | Entered Level 1 of the Shoals
 35238 | Shoals:1 | Reached skill level 13 in Shields
 35855 | Shoals:1 | Lost mutation: Your spells are a little harder to cast, but
                  | a little more powerful. [potion of mutation]
 35855 | Shoals:1 | Gained mutation: Your flesh is heat resistant. (rF+)
                  | [potion of mutation]
 35855 | Shoals:1 | Gained mutation: You are partially covered in iridescent
                  | scales. (AC +2) [potion of mutation]
 35855 | Shoals:1 | Gained mutation: You have large cloven feet. [potion of
                  | mutation]
 35855 | Shoals:1 | Gained mutation: You have a pair of large horns on your
                  | head. [potion of mutation]
 35989 | Shoals:1 | Reached XP level 18. HP: 178/178 MP: 25/25
 36452 | Shoals:2 | Noticed Frances
 36621 | Shoals:2 | Killed Frances
 36743 | Shoals:2 | Identified the +6 plate armour of Okawaru's Whim {rF+}
                  | (Okawaru gifted it to you on level 2 of the Shoals)
 36743 | Shoals:2 | Received a gift from Okawaru
 36751 | Shoals:2 | Identified the +7 mace "Pegomuar" {drain, rPois rF- MP-9
                  | Str+9}
 36818 | Shoals:2 | Reached skill level 15 in Armour
 36845 | Shoals:2 | Noticed Polyphemus
 36859 | Arena    | Entered the Arena
 36864 | Arena    | Killed Polyphemus
 37132 | Shoals:2 | Found a frozen archway.
 37136 | IceCv    | Entered an ice cave
 37172 | IceCv    | Reached skill level 14 in Shields
 37252 | IceCv    | Identified the +1 pair of gloves of Compassion {Harm rPois
                  | Str+3}
 37647 | IceCv    | Noticed a shard shrike
 37650 | Arena    | Entered the Arena
 37660 | Arena    | Killed a shard shrike
 37739 | IceCv    | Lost mutation: You are partially covered in iridescent
                  | scales. (AC +2) [potion of mutation]
 37739 | IceCv    | Lost mutation: You have a pair of large horns on your head.
                  | [potion of mutation]
 37739 | IceCv    | Lost mutation: Your flesh is heat resistant. (rF+) [potion
                  | of mutation]
 37739 | IceCv    | Gained mutation: You are weak. (Str -2) [potion of
                  | mutation]
 37739 | IceCv    | Gained mutation: You are frail. (-10% HP) [potion of
                  | mutation]
 37739 | IceCv    | Gained mutation: You have a somewhat thin skeletal
                  | structure. (Dex +2, Stealth+) [potion of mutation]
 37739 | IceCv    | Gained mutation: You are partially covered in iridescent
                  | scales. (AC +2) [potion of mutation]
 37841 | IceCv    | Reached skill level 15 in Shields
 37936 | Shoals:2 | Lost mutation: You are weak. (Str -2) [potion of mutation]
 37936 | Shoals:2 | Lost mutation: You have a somewhat thin skeletal structure.
                  | (Dex +2, Stealth+) [potion of mutation]
 37936 | Shoals:2 | Lost mutation: You are frail. (-10% HP) [potion of
                  | mutation]
 37936 | Shoals:2 | Gained mutation: Your body sometimes deteriorates upon
                  | taking damage. [potion of mutation]
 37936 | Shoals:2 | Gained mutation: You have a pair of large horns on your
                  | head. [potion of mutation]
 37936 | Shoals:2 | Gained mutation: You expend magic power (3 MP) to
                  | strengthen your wands. [potion of mutation]
 38731 | Shoals:3 | Received a gift from Okawaru
 38736 | Shoals:3 | Reached skill level 16 in Shields
 39169 | Shoals:3 | Paralysed by a fenstrider witch for 5 turns
 39538 | Shoals:3 | Received a gift from Okawaru
 39822 | Shoals:3 | Reached skill level 17 in Shields
 39832 | Shoals:4 | Entered Level 4 of the Shoals
 39870 | Shoals:4 | Identified the +2 scale mail "Puilur" {Int+4} (Okawaru
                  | gifted it to you on level 4 of the Shoals)
 39870 | Shoals:4 | Received a gift from Okawaru
 39961 | Shoals:4 | Found Afriwoce's General Store.
 39962 | Shoals:4 | Found Wosopn's Weapon Shoppe.
 39969 | Shoals:4 | Found Ijasu's Jewellery Emporium.
 39971 | Shoals:4 | Bought a potion of curing for 51 gold pieces
 39971 | Shoals:4 | Bought a potion of curing for 51 gold pieces
 39971 | Shoals:4 | Bought a scroll of magic mapping for 127 gold pieces
 39993 | Shoals:4 | Found Kasieh's Magic Scroll Shop.
 40004 | Shoals:4 | Bought a scroll of fog for 84 gold pieces
 40004 | Shoals:4 | Bought a scroll of blinking for 157 gold pieces
 40004 | Shoals:4 | Bought a scroll of teleportation for 63 gold pieces
 40004 | Shoals:4 | Bought a scroll of immolation for 84 gold pieces
 40028 | Shoals:4 | Reached XP level 19. HP: 185/185 MP: 27/27
 40167 | Shoals:4 | Noticed Ilsuiw
 40216 | Shoals:4 | Killed Ilsuiw
 40221 | Shoals:4 | Reached skill level 18 in Shields
 41027 | Shoals:4 | Got a barnacled rune of Zot
 41359 | Vaults:1 | Entered Level 1 of the Vaults
 41398 | Vaults:1 | Reached skill level 19 in Shields
 41996 | Vaults:1 | Reached skill level 20 in Shields
 42157 | Vaults:1 | Identified the +1 scale mail "Tuitwu Yfann" {-Tele Regen+
                  | Slay+3} (Okawaru gifted it to you on level 1 of the Vaults)
 42157 | Vaults:1 | Received a gift from Okawaru
 42312 | Vaults:1 | Paralysed by a great orb of eyes for 4 turns
 42584 | Vaults:1 | Reached skill level 21 in Shields
 42911 | Vaults:2 | Identified the +0 robe "Epnamm Nenue" {rF+ rC+ Str+2 Dex-2}
 43143 | Vaults:2 | Found a magical portal.
 43155 | WizLab   | Entered Doroklohe's Tomb
 43353 | WizLab   | Gained mutation: You are robust. (+10% HP) [a neqoxec]
 43353 | WizLab   | Gained mutation: You sometimes lose your temper in combat.
                  | [a cacodemon]
 43360 | WizLab   | Noticed a Brimstone Fiend
 43362 | WizLab   | Gained mutation: Your spells are a little easier to cast,
                  | but a little less powerful. [a cacodemon]
 43370 | WizLab   | Killed a Brimstone Fiend
 43388 | WizLab   | Lost mutation: Your spells are a little easier to cast, but
                  | a little less powerful. [a cacodemon]
 43390 | WizLab   | Gained mutation: Armour fits poorly on your strangely
                  | shaped body. [a cacodemon]
 43392 | WizLab   | Gained mutation: You are weak. (Str -2) [a cacodemon]
 43393 | Arena    | Entered the Arena
 43456 | WizLab   | Identified the +1 scale mail "Pabbeyd" {Harm Fly rElec}
 43658 | Vaults:2 | Reached skill level 22 in Shields
 43670 | Vaults:2 | Lost mutation: Your body sometimes deteriorates upon taking
                  | damage. [potion of mutation]
 43670 | Vaults:2 | Lost mutation: You expend magic power (3 MP) to strengthen
                  | your wands. [potion of mutation]
 43670 | Vaults:2 | Lost mutation: You have large cloven feet. [potion of
                  | mutation]
 43670 | Vaults:2 | Gained mutation: You are strong-willed. (Will+) [potion of
                  | mutation]
 43670 | Vaults:2 | Gained mutation: You expend magic power (3 MP) to
                  | strengthen your wands. [potion of mutation]
 43725 | Vaults:2 | Reached XP level 20. HP: 192/212 MP: 28/28
 44127 | Vaults:2 | Identified the +1 cloak "Ovaag" {Str+6} (Okawaru gifted it
                  | to you on level 2 of the Vaults)
 44127 | Vaults:2 | Received a gift from Okawaru
 44251 | Vaults:2 | Noticed Bai Suzhen
 44276 | Vaults:2 | Killed Bai Suzhen
 44423 | Vaults:2 | Reached skill level 23 in Shields
 45087 | Depths:1 | Entered Level 1 of the Depths
 45251 | Depths:1 | Found a gateway to Hell.
 45601 | Depths:1 | Found a one-way gate to the infinite horrors of the Abyss.
 45906 | Depths:1 | Reached skill level 24 in Shields
 45908 | Depths:1 | Received a gift from Okawaru
 46535 | Depths:2 | Found a portal to a secret trove of treasure.
 46562 | Trove    | Entered a treasure trove
 46569 | Trove    | Identified the +2 chain mail of the Lemon {rPois rF+ Dex+5}
 46581 | Trove    | Identified the +3 scimitar of Joyful Slaughter {vorpal,
                  | rN++ Int+4}
 46584 | Trove    | Identified the ring "Unia" {rPois Will+}
 46586 | Trove    | Identified the ring of Binul {rPois Will+}
 47260 | Vaults:3 | Found a staircase to the Crypt.
 47260 | Vaults:3 | Found an ancient bone altar of Kikubaaqudgha.
 47260 | Vaults:3 | Found a basalt altar of Yredelemnul.
 47417 | Vaults:3 | Identified the +9 kite shield of the Apothecary {rF++}
 48475 | Vaults:4 | Reached skill level 25 in Shields
 48975 | Vaults:4 | Reached XP level 21. HP: 141/222 MP: 29/29
 49377 | Vaults:4 | Received a gift from Okawaru
 49688 | Vaults:4 | Reached skill level 15 in Throwing
 50389 | Vaults:4 | Noticed Margery
 50428 | Vaults:4 | Killed Margery
 50723 | Depths:2 | Found a one-way gate leading to the halls of Pandemonium.
 50805 | Depths:2 | Noticed a golden dragon
 50812 | Depths:2 | Paralysed by a floating eye for 3 turns
 50969 | Depths:2 | Received a gift from Okawaru
 51197 | Depths:2 | Found a runed translucent door.
 51214 | Depths:2 | Got The Arcane Secrets of Spellweaving
 51299 | Depths:2 | Found a runed translucent door.
 51309 | Depths:2 | Found a runed translucent door.
 51327 | Depths:2 | Identified the ring of Broken Luck {Ice rElec rCorr Str-5
                  | Dex+6}
 51327 | Depths:2 | Noticed Josephina
 51357 | Arena    | Entered the Arena
 51381 | Arena    | Killed Josephina
 51381 | Arena    | Received a gift from Okawaru
 51407 | Depths:2 | Killed a golden dragon
 51640 | Depths:2 | Got the Parchment of Concussion
 52146 | Depths:2 | Found the +9 sword of Zonguldrok {reap}
 52411 | Depths:2 | Reached skill level 26 in Shields
 52476 | Depths:3 | Received a gift from Okawaru
 52483 | Depths:3 | Noticed a caustic shrike
 52484 | Depths:3 | Noticed Parghit
 52712 | Vaults:5 | Entered Level 5 of the Vaults
 52759 | Vaults:4 | Received a gift from Okawaru
 53526 | Vaults:4 | Received a gift from Okawaru
 53731 | Vaults:5 | Noticed an ancient lich
 53810 | Vaults:4 | Killed an ancient lich
 53811 | Vaults:4 | Reached XP level 22. HP: 150/236 MP: 28/30
 53959 | Vaults:5 | Noticed a dread lich
 53976 | Vaults:4 | Killed a dread lich
 53976 | Vaults:4 | Received a gift from Okawaru
 54029 | Vaults:5 | Received a gift from Okawaru
 54224 | Vaults:5 | Identified the +7 morningstar of the Endless March {holy,
                  | rN+}
 54582 | Vaults:4 | Received a gift from Okawaru
 55260 | Vaults:5 | Received a gift from Okawaru
 55308 | Vaults:5 | Identified the +4 ring mail of the Doldrums {-Tele rPois
                  | Stlth+}
 55318 | Vaults:5 | Received a gift from Okawaru
 55577 | Vaults:5 | Got a silver rune of Zot
 55616 | Vaults:5 | Identified the +6 demon blade of the Boar {protect, rCorr}
                  | (Okawaru gifted it to you on level 5 of the Vaults)
 55616 | Vaults:5 | Received a gift from Okawaru
 55761 | Vaults:5 | Reached skill level 27 in Shields
 56173 | Vaults:5 | Found Edghi's Book Shop.
 56178 | Vaults:5 | Identified the +0 ring mail "Nilif" {rC+ Str-5 Dex+4
                  | Slay+2}
 56199 | Vaults:5 | Identified the +0 short sword of Vimec {venom, rPois}
 56392 | Vaults:5 | Identified the +2 chain mail of the Shining Light {Contam
                  | +Inv rF+}
 56910 | Elf:1    | Entered Level 1 of the Elven Halls
 57337 | Elf:1    | Reached skill level 15 in Dodging
 57356 | Elf:1    | Received a gift from Okawaru
 57477 | Elf:1    | Found a runed translucent gate.
 57477 | Elf:1    | Found a runed translucent gate.
 57477 | Elf:1    | Found a runed translucent gate.
 57477 | Elf:1    | Found a runed translucent gate.
 57479 | Elf:1    | Found a runed translucent gate.
 57480 | Elf:1    | Found a runed translucent gate.
 57605 | Elf:1    | Identified the +8 chain mail of Generosity {Harm rF+}
 57808 | Elf:1    | Found Haph's Jewellery Shoppe.
 57812 | Elf:1    | Found Xoravafu's General Store.
 57815 | Elf:1    | Found Osek's Magic Scroll Shoppe.
 57824 | Elf:1    | Bought the ring of Oenomania {rElec rPois Will+} for 648
                  | gold pieces
 57839 | Elf:1    | Bought the ring of Tydiom {Drain Fly rF+ Str+8 Dex+3} for
                  | 774 gold pieces
 57841 | Elf:1    | Bought a potion of heal wounds for 85 gold pieces
 57841 | Elf:1    | Bought a scroll of magic mapping for 127 gold pieces
 57841 | Elf:1    | Bought a scroll of fog for 68 gold pieces
 57841 | Elf:1    | Bought a potion of curing for 51 gold pieces
 57841 | Elf:1    | Bought a scroll of enchant weapon for 127 gold pieces
 57850 | Elf:1    | Bought a scroll of acquirement for 884 gold pieces
 57850 | Elf:1    | Bought a scroll of fear for 68 gold pieces
 57851 | Elf:1    | Acquired the +9 tower shield of Space {Rampage Drain rPois
                  | Stlth+}
 57852 | Elf:1    | Acquired 564 gold pieces
 58393 | Elf:2    | Received a gift from Okawaru
 58397 | Elf:2    | Found a runed translucent gate.
 58397 | Elf:2    | Found a runed translucent gate.
 58397 | Elf:2    | Found a runed translucent gate.
 58598 | Elf:2    | Reached XP level 23. HP: 201/249 MP: 31/31
 58622 | Elf:2    | Identified the +1 leather armour of the Untouchables {rF+
                  | Regen+}
 58652 | Elf:2    | Identified the +11 crystal plate armour of the Imbibing
                  | Gods {Harm} (Okawaru gifted it to you on level 2 of the
                  | Elven Halls)
 58652 | Elf:2    | Received a gift from Okawaru
 58679 | Elf:2    | Paralysed by an air elemental for 1 turns
 58963 | Elf:3    | Entered Level 3 of the Elven Halls
 59157 | Elf:3    | Found Xuitir's Antique Weapon Emporium.
 59437 | Elf:3    | Paralysed by an air elemental for 1 turns
 59671 | Elf:3    | Noticed Saint Roka
 59676 | Elf:3    | Killed Saint Roka
 60497 | Elf:3    | Identified the ring of Izistaci {Fire rN++ Will- Str+4
                  | Int+3}
 60503 | Elf:3    | Identified the +3 great sword "Sev Oza" {spect, rF+++ Will-
                  | Str+4 Dex+4}
 60507 | Elf:3    | Identified the ring "Orpheuphe" {rC+ rCorr Slay+3}
 60507 | Elf:3    | Identified the +1 robe of a sewer {Harm rElec}
 60741 | Elf:3    | Identified the +0 pair of boots of Good Intentions {rPois}
 60833 | Elf:3    | Got the Anthology of Dimensional Allies
 61422 | Depths:3 | Killed a caustic shrike
 61428 | Depths:3 | Received a gift from Okawaru
 61607 | Depths:3 | Found Big Baal Hell's Store.
 61607 | Depths:3 | Paralysed by a wendigo for 1 turns
 61619 | Depths:3 | Paralysed by a wendigo for 1 turns
 61752 | Depths:3 | Acquired the ring of the Grinning Jester {rElec Will+ rCorr
                  | Stlth+}
 61774 | Depths:3 | Paralysed by a floating eye for 3 turns
 61970 | Depths:3 | Identified the +1 scale mail of Context {rPois rN+ Int-5}
 62047 | Depths:3 | Killed Parghit
 62312 | Depths:3 | Received a gift from Okawaru
 62556 | Depths:3 | Identified the +1 leather armour of Syamael {Rampage rPois
                  | rC- Will+}
 62753 | Depths:4 | Entered Level 4 of the Depths
 62756 | Depths:4 | Identified the ring "Omijuz" {Fire Str+6 Int-2 Stlth+}
 62834 | Depths:4 | Noticed a caustic shrike
 62834 | Depths:4 | Noticed a caustic shrike
 62834 | Depths:4 | Noticed a caustic shrike
 62834 | Depths:4 | Noticed a caustic shrike
 62865 | Depths:4 | Found a transporter.
 63010 | Depths:4 | Found a gate to the Realm of Zot.
 63024 | Depths:4 | Received a gift from Okawaru
 63302 | Depths:4 | Noticed a caustic shrike
 63310 | Depths:4 | Killed a caustic shrike
 63310 | Depths:4 | Received a gift from Okawaru
 63330 | Depths:4 | Noticed Pauneu's ghost (adept DECj)
 63331 | Depths:4 | Noticed a caustic shrike
 63351 | Depths:4 | Noticed a caustic shrike
 63377 | Depths:4 | Found a transporter.
 63427 | Depths:4 | Found a one-way gateway to a ziggurat.
 63464 | Depths:4 | Found Plog's Antique Armour Boutique.
 63464 | Depths:4 | Found Roilis's Jewellery Shop.
 63492 | Depths:4 | Bought a warped plate armour for 784 gold pieces
 63492 | Depths:4 | Identified the +3 plate armour "Rewog" {Regen+ rCorr Str-2}
                  | (You bought it in a shop on level 4 of the Depths)
 63520 | Depths:4 | Killed a caustic shrike
 63591 | Depths:4 | Reached XP level 24. HP: 224/264 MP: 31/31
 63591 | Depths:4 | Received a gift from Okawaru
 64180 | Zot:1    | Entered Level 1 of the Realm of Zot
 64229 | Zot:1    | Found Xumaatow's CLEARANCE SALE!.
 64262 | Zot:1    | Identified the +4 scale mail of Unreason {*Corrode Will++
                  | Int-3 SInv} (Okawaru gifted it to you on level 1 of the
                  | Realm of Zot)
 64262 | Zot:1    | Received a gift from Okawaru
 64340 | Zot:1    | Noticed an orb of fire
 64346 | Zot:1    | Gained mutation: You are very weak. (Str -4) [an orb of
                  | fire]
 64353 | Zot:1    | Killed an orb of fire
 64832 | Zot:4    | Identified the +3 chain mail of Uguaruuz {rElec rCorr Dex-5
                  | SInv}
 64874 | Zot:5    | Entered Level 5 of the Realm of Zot
 65059 | Zot:5    | Got the Orb of Zot
 65068 | Zot:5    | Noticed an ancient lich
 65069 | Zot:5    | Noticed an ancient lich
 65069 | Zot:5    | Noticed a Killer Klown
 65070 | Zot:5    | Noticed an orb of fire
 65072 | Zot:5    | Noticed a Killer Klown
 65072 | Zot:5    | Gained mutation: You are clumsy. (Dex -2) [an orb of fire]
 65075 | Zot:5    | Noticed a Killer Klown
 65080 | Zot:5    | Noticed a dread lich
 65080 | Zot:5    | Noticed an ancient lich
 65178 | Zot:2    | HP: 10/266 [Brimstone Fiend/damnation[Waecsallei] (17)]
 65399 | Depths:1 | Noticed Gyitoak the pandemonium lord
 65720 | D:4      | Noticed Umabe the pandemonium lord
 65741 | D:4      | Killed Umabe the pandemonium lord
 65790 | D:2      | Noticed Posiha Syirch the pandemonium lord
 65826 | D:$      | Escaped with the Orb!

Illustrated notes

Levels and vault maps discovered:
D:1:      dpeg_arrival_fog, layout_basic, nicolae_grassy_gnolls
D:2:      layout_loops_cross, ebering_ecumenical_altar_mist
D:3:      layout_basic
D:4:      layout_basic
D:5:      layout_basic, minmay_temple_entry_stoned_glass, minmay_mini_ossuary
D:6:      layout_loops_ring, mainiacjoe_overflow_big_doors, uniq_grinder,
          uniq_sigmund
D:7:      layout_rooms, hex_intersection
D:8:      hangedman_cross_veins, layout_basic,
          grunt_temple_overflow_growth_and_decay, kennysheep_potato,
          uniq_prince_ribbit1
D:9:      layout_loops_ring, trog_ov_bears_minmay, enter_bailey_5
D:10:     layout_long_grid, minitemple, kennysheep_just_a_vault, uniq_grum
D:11:     layout_basic, lair_entry_dummy, minmay_lizard_king
D:12:     layout_cave_pods, orc_david_3, kennysheep_small_square, uniq_nergalle
D:13:     layout_layer_cave, zin_academy
D:14:     cheibrodos_breeding_chamber, layout_loops_ring, david_vaults_1,
          chequers_jeans, kennysheep_generic_room_8
D:15:     gammafunk_depths_entry_grave, layout_irregular_city,
          dreamdust_princess_corridor
Temple:   dpeg_three_leaves_temple
Lair:1:   layout_regular_city
Lair:2:   layout_regular_city, minmay_shoals_entry_centaurs
Lair:3:   layout_roguey, guppyfry_snake_entry_garden,
          dreamdust_mushroom_princess, uniq_snorg
Lair:4:   layout_regular_city, minmay_slime_entry_pillars, basic_altar,
          kennysheep_snail_temple, lemuel_fruit_fields
Lair:5:   hangedman_lair_caniforms_friends, layout_misc_corridors,
          infiniplex_staircase_pool_2
Shoals:1: layout_shoals
Shoals:2: layout_shoals, portal_ice_cave_entry_pillars_2, uniq_polyphemus,
          uniq_frances
Shoals:3: layout_shoals, nicolae_shoals_beach_house_on_fowls_legs
Shoals:4: shoals_end_grunt_ice, layout_shoals, shoal_ilsuiw, serial_shops,
          shop_fountains, shop, nicolae_shop_statue_plus, shop
Snake:1:  layout_gridlike, basic_altar, drop_trap, minmay_shop_grove
Snake:2:  layout_grid_maze, serial_bayou_shore_a
Snake:3:  layout_basic, hellmonk_ghost_happy_afterlife, uniq_mlioglotl
Snake:4:  snake_pit_salamanders_mu, layout_cave_town,
          gammafunk_ghost_necromancy, uniq_aizul
Orc:1:    layout_caves, mines2_david
Orc:2:    pubby_orc_utopia, serial_shops
Elf:1:    elf_arrival_002, layout_gridlike, serial_glass, glass_columns_a,
          glass_columns_c, orc_legates, st_stairs_11, minmay_shop_star
Elf:2:    elven_hall_of_blades_hangedman_original
          [nicolae_blade_entry_sentries_behind_glass], layout_gridlike,
          minivault_26, minivault_16, lemuel_flamethrower_1
Elf:3:    minmay_elf_hall_not_hex, layout_loops_corners, serial_shops,
          nicolae_square_shop, serial_glass, glass_columns_a, glass_columns_a,
          hangedman_elf_represent, uniq_saint_roka
Vaults:1: vaults_mumra_hex, hangedman_vaults_stream,
          hangedman_vaults_stretched_pinwheel, vaults_room_door_hall,
          nicolae_vaults_network_quinsquares
          [nicolae_vaults_network_quincunx_subvault,
          nicolae_vaults_network_quincunx_subvault,
          nicolae_vaults_network_quincunx_subvault,
          nicolae_vaults_network_quincunx_subvault], vaults_room_hallway,
          ontoclasm_vaults_ligature, nicolae_vaults_an_arrangement,
          ontoclasm_vaults_loading_screen, nicolae_vaults_triangles,
          vaults_room_door_hall, nicolae_vaults_little_squares_2,
          layout_vaults_omnibox
Vaults:2: infiniplex_enter_wizlab_water, vaults_room_grunt_arrival_checkpoint,
          v_alt_pattern_1, v_misc_24, vaults_room_hallway,
          nicolae_vaults_border_crossing, nicolae_vaults_network_periphery,
          grunt_vaults_funnel, dpeg_vaults_monster_box, layout_vaults_big_room,
          uniq_bai_suzhen
Vaults:3: nicolae_vaults_network_star, vaults_dpeg_emergency_exit,
          vaults_dpeg_ring, ontoclasm_vaults_bender,
          minmay_crypt_entry_necro_gods, layout_vaults_omnigrid
Vaults:4: nicolae_vaults_twisting_passages, nicolae_vaults_little_squares_5,
          v_misc_18, st_squares, v_pattern_2, v_misc_2, vaults_room_pools,
          v_misc_13, ontoclasm_vaults_fault, nicolae_vaults_little_squares_2,
          nicolae_vaults_little_squares_2, layout_vaults_maze_snakey,
          uniq_margery
Vaults:5
Depths:1: layout_basic, hell_entry, abyss_entry_small_statue_room,
          eino_small_chamber_without_monster, lemuel_flamethrower_hall
Depths:2: minmay_the_grid_triangle_9x9_recursive_2
          [minmay_the_grid_triangle_9x9_prize_top_heavy,
          minmay_the_grid_triangle_9x9_fully_insulated_deathbox,
          minmay_the_grid_triangle_9x9_cache,
          minmay_the_grid_triangle_9x9_corruption], layout_cave_shapes,
          grunt_pan_entry_spiral, grunt_decor_resistance,
          pf_hell_entry_tar_river, enter_trove_5,
          minmay_guarded_unrand_zonguldrok, uniq_josephina
Depths:3: hangedman_cross_stitches, layout_basic, minmay_tree_intersection,
          abyss_entry, nicolae_hell_entry_big_baal_hell, uniq_parghit
Depths:4: grunt_zot_entry_bicorn, layout_honeycomb, enter_ziggurat_b,
          minmay_misc_feat_alley, gammafunk_ghost_berserking_beasts,
          hangedman_geh_valley, minmay_shoptagon
Zot:1:    layout_concentric_octagons, nicolae_shop_clearance
Zot:2:    hangedman_snap_crack_crunch, layout_concentric_octagons,
          grunt_ministairs_11
Zot:3:    layout_gridlike, grunt_megastairs_4
Zot:4:    dreamdust_black_sun_cult, layout_onion
Zot:5:    layout_basic

Skill      XL: |  1  2  3  4  5  6  7  8  9 10 11 12 13 14 15 16 17 18 19 20 21 22 23 24 |
---------------+-------------------------------------------------------------------------+-----
Fighting       | 3 4 5 6 8 9 11 12 14 15 16 18 20 22 23 24 25 | 25.2
Stealth        | 1 2 4 |  4.0
Short Blades   | 4 5 6 |  6.1
Armour         | 1 2 4 6 8 10 12 13 14 15 16 19 21 | 21.0
Evocations     | 1 3 4 |  4.0
Dodging        | 4 6 8 10 11 12 14 15 18 19 | 19.5
Throwing       | 3 4 7 10 12 13 14 16 17 18 19 | 19.5
Invocations    | 2 4 6 8 9 11 12 | 12.0
Long Blades    | 4 7 9 11 13 15 | 15.4
Shields        | 2 8 10 11 13 17 22 25 26 27 | 27.0

Action                   |  1- 3 |  4- 6 |  7- 9 | 10-12 | 13-15 | 16-18 | 19-21 | 22-24 || total
-------------------------+-------+-------+-------+-------+-------+-------+-------+-------++-------
Melee: Rapier            |    31 |    77 |   315 |   699 |  1158 |       |       |       ||  2280
       Headbutt          |     9 |    13 |    59 |   192 |   415 |   354 |   565 |   520 ||  2127
       Dagger            |    53 |       |       |       |       |       |       |       ||    53
       Punch             |       |       |     2 |    16 |       |       |       |       ||    18
       Double sword      |       |       |       |       |   280 |  1317 |  1746 |  1482 ||  4825
Throw: Dart              |       |       |       |    14 |    22 |       |       |       ||    36
       Boomerang         |       |       |       |     6 |    27 |    35 |    50 |    73 ||   191
       Javelin           |       |       |       |    17 |   101 |   103 |    41 |    41 ||   303
       Throwing net      |       |       |       |       |       |       |     2 |     1 ||     3
Invok: Heroism           |       |       |     1 |    11 |     5 |     7 |    12 |     6 ||    42
       Finesse           |       |       |       |     1 |     2 |     6 |     6 |     4 ||    19
       Duel              |       |       |       |       |       |     2 |     2 |       ||     4
Evoke: Wand              |       |       |     1 |    16 |    12 |     2 |    15 |     9 ||    55
       Phial of floods   |       |       |       |       |       |     1 |       |       ||     1
       Condenser vane    |       |       |       |       |       |     1 |       |       ||     1
  Use: Scroll            |       |     9 |     6 |    22 |    10 |    14 |     8 |    40 ||   109
       Potion            |       |     2 |       |     5 |     6 |    22 |    25 |    15 ||    75
 Stab: Sleeping          |     2 |     1 |     1 |       |     2 |     1 |       |       ||     7
       Distracted        |     1 |       |       |       |     5 |     1 |     1 |       ||     8
       Held in net/web   |       |       |       |       |       |       |     2 |     1 ||     3
       Invisible         |       |       |       |       |       |       |       |     2 ||     2
Armor: Leather armour    |    18 |    13 |    30 |       |       |       |       |       ||    61
       Ring mail         |       |       |    74 |    89 |       |       |       |       ||   163
       Troll leather arm |       |       |       |    70 |    38 |       |       |       ||   108
       Chain mail        |       |       |       |   126 |   408 |   402 |   179 |    72 ||  1187
       Plate armour      |       |       |       |       |       |       |   243 |    65 ||   308
       Gold dragon scale |       |       |       |       |       |       |       |   184 ||   184
Dodge: Dodged            |    47 |    46 |   128 |   371 |   521 |   464 |   455 |   426 ||  2458
Block: Other             |       |    16 |    49 |   104 |       |       |       |       ||   169
       Reflection        |       |       |     1 |     2 |       |    55 |    57 |    46 ||   161
       Buckler           |       |       |       |    37 |   447 |   122 |       |       ||   606
       Tower shield      |       |       |       |       |       |   283 |       |  1164 ||  1447
       Kite shield       |       |       |       |       |       |   493 |  1225 |   308 ||  2026

Table legend: (Time is in decaauts)
 A = Elapsed time spent in this place.
 B = Non-inter-level travel time spent in this place.
 C = Inter-level travel time spent in this place.
 D = Time resting spent in this place.
 E = Time spent auto-exploring this place.
 F = Levels seen in this place.
 G = Mean time per level.
                   A        B        C        D        E       F      G
               +--------+--------+--------+--------+--------+-----+--------+
         Total |  64587 |  60051 |   4536 |  13225 |  28083 |  57 | 1133.1 |
       Dungeon |  20372 |  18427 |   1945 |   3520 |  10587 |  15 | 1358.1 |
        Temple |    103 |    103 |      0 |      0 |     50 |   1 |  103.0 |
          Lair |   5520 |   5108 |    412 |    476 |   2953 |   5 | 1104.0 |
        Shoals |   4993 |   4849 |    144 |    989 |   2439 |   4 | 1248.2 |
     Snake Pit |   5390 |   5141 |    249 |    852 |   2671 |   4 | 1347.5 |
  Orcish Mines |   2727 |   2484 |    243 |    361 |   1074 |   2 | 1363.5 |
   Elven Halls |   4039 |   3810 |    229 |   1110 |   1820 |   3 | 1346.3 |
        Vaults |  10816 |   9869 |    947 |   3489 |   3570 |   5 | 2163.2 |
        Depths |   6514 |   6158 |    356 |   1242 |   2471 |   4 | 1628.5 |
           Zot |   1069 |   1062 |      7 |    218 |    153 |   5 |  213.8 |
         Abyss |   1227 |   1227 |      0 |    459 |      0 |   1 | 1227.0 |
         Trove |     47 |     47 |      0 |      0 |      0 |   1 |   47.0 |
        Bailey |    497 |    497 |      0 |    305 |      0 |   1 |  497.0 |
      Ice Cave |    746 |    746 |      0 |    138 |    174 |   1 |  746.0 |
        Wizlab |    421 |    421 |      0 |     53 |    118 |   1 |  421.0 |
         Arena |    100 |    100 |      0 |     11 |      0 |   4 |   25.0 |
               +--------+--------+--------+--------+--------+-----+--------+

Top non-repeatable levels by time:
Vaults:4: 3229 daAuts
Depths:2: 2296 daAuts
     D:8: 2201 daAuts
Vaults:5: 2189 daAuts
 Snake:4: 2033 daAuts
   Elf:3: 1920 daAuts
   Orc:2: 1897 daAuts
Vaults:3: 1891 daAuts
    D:12: 1807 daAuts
Vaults:2: 1764 daAuts
Vaults:1: 1741 daAuts
    D:14: 1639 daAuts
    D:13: 1625 daAuts
  Lair:4: 1567 daAuts
     D:9: 1562 daAuts
